 Dungeon Crawl Stone Soup version 0.21-a0-508-gf08a75f (webtiles) character file.

236 slep the Skirmisher (level 5, -2/42 HPs)
             Began as a Demonspawn Fighter on Nov 29, 2017.
             Slain by Crazy Yiuf
             ... wielding a +4 quarterstaff of chaos
              (4 damage)
             ... on level 3 of the Dungeon.
             The game lasted 00:07:27 (2090 turns).

slep the Skirmisher (Demonspawn Fighter)            Turns: 2090, Time: 00:07:29

Health: -2/42      AC: 10    Str: 17    XL:     5   Next: 77%
Magic:  5/5        EV:  7    Int:  9    God:
Gold:   141        SH:  9    Dex: 13    Spells: 4/4 levels left

rFire    . . .     SeeInvis .   a - +0 trident
rCold    . . .     Gourm    .   c - +0 shield
rNeg     . . .     Faith    .   b - +0 scale mail
rPois    .         Spirit   .   (no helmet)
rElec    .         Reflect  .   (no cloak)
rCorr    .         Harm     .   (no gloves)
MR       .....                  k - +0 pair of boots
Stlth    ..........             r - amulet of magic regeneration
HPRegen  0.14/turn              (no ring)
MPRegen  0.34/turn              (no ring)

@: lethally poisoned (-2 -> -5)
A: hooves 1, iridescent scales 1, powered by death 1
a: no special abilities


You were on level 3 of the Dungeon.
You were not hungry.

You visited 1 branch of the dungeon, and saw 3 of its levels.

You collected 141 gold pieces.

Inventory:

Hand Weapons
 a - a +0 trident (weapon)
Armour
 b - a +0 scale mail (worn)
 c - a +0 shield (worn)
 d - a +0 troll leather armour {Purgy}
 k - a +0 pair of boots (worn)
Jewellery
 r - an amulet of magic regeneration (around neck)
Scrolls
 h - 7 scrolls of teleportation {unknown}
 j - a scroll of remove curse {unknown}
 n - 2 scrolls of identify {unknown}
 o - 2 scrolls of enchant weapon {unknown}
 q - a scroll of enchant armour {unknown}
 t - a scroll of amnesia {unknown}
Potions
 e - 2 potions of cancellation {unknown}
 i - 2 potions of curing {unknown}
 p - 3 potions of flight {unknown}
Comestibles
 f - 3 bread rations
 g - 2 meat rations
 l - 6 royal jellies


   Skills:
 + Level 4.0 Fighting
 + Level 3.3 Polearms
 + Level 3.5 Armour
 + Level 1.2 Dodging
 + Level 3.5 Shields


You had 4 spell levels left.
You didn't know any spells.

Dungeon Overview and Level Annotations

Branches:
Dungeon (3/15)

Altars:
Fedhas

Annotations:
D:3 Crazy Yiuf


Innate Abilities, Weirdness & Mutations

You have large cloven feet.
You are partially covered in iridescent scales. (AC +2)
You regenerate a little health from kills.


Message History

You hit Crazy Yiuf.
Crazy Yiuf is severely wounded.
You feel sick. You block Crazy Yiuf's attack.
You hit Crazy Yiuf.
Crazy Yiuf is almost dead.
You feel sick.
Crazy Yiuf grits, "Powder snail sizzlefizz!"
Crazy Yiuf hits you but does no damage.
You are electrocuted!
* * * LOW HITPOINT WARNING * * *
You hit Crazy Yiuf but do no damage.
Crazy Yiuf is almost dead.
Crazy Yiuf whimpers, "Gum arga tortoise!"
Crazy Yiuf closely misses you. You block Crazy Yiuf's attack.
You barely miss Crazy Yiuf.
Crazy Yiuf is almost dead.
You feel sick.
Crazy Yiuf hits you with a quarterstaff of chaos!
* * * LOW HITPOINT WARNING * * *
Crazy Yiuf burns you.
You die...

#.....(...# #.
#..######## ## #..# #
#### ## .## ######## #.#
#### ###.#....## #.#
#...##..#......##
#.#########
#.)g@)####......#
.##.......# #).)###
##.....# ###.#######
#### ####..# # #.# #.##
#.# #.# #.# ####
##########.###### #.#
#..#####.##.............
#.#
#..........<..........##
#.#
#.##..<..>..#########.#


You could see Crazy Yiuf.

Vanquished Creatures
  Purgy (D:3)
  Terence (D:3)
  A worker ant (D:3)
  2 adders
  3 leopard geckos
  6 orcs (D:3)
  7 bats
  3 giant cockroaches
  6 goblins
  15 hobgoblins
  6 jackals
  3 kobolds (D:1)
  A quokka (D:3)
  5 frilled lizards
  5 rats
65 creatures vanquished.

Notes
Turn   | Place    | Note
-------+----------+-------------------------------------------
     0 | D:1      | slep the Demonspawn Fighter began the quest for the Orb.
     0 | D:1      | Reached XP level 1. HP: 18/18 MP: 1/1
   153 | D:1      | Gained mutation: You have large cloven feet. [demonic ancestry]
   153 | D:1      | Reached XP level 2. HP: 24/24 MP: 2/2
   430 | D:1      | Reached XP level 3. HP: 27/29 MP: 3/3
   670 | D:2      | Found a blossoming altar of Fedhas.
  1401 | D:3      | Gained mutation: You are partially covered in iridescent scales. (AC +2) [demonic ancestry]
  1401 | D:3      | Reached XP level 4. HP: 29/36 MP: 4/4
  1620 | D:3      | Noticed Purgy
  1650 | D:3      | Killed Purgy
  1650 | D:3      | Reached skill level 4 in Fighting
  1650 | D:3      | Reached skill level 1 in Dodging
  1650 | D:3      | Gained mutation: You regenerate a little health from kills. [demonic ancestry]
  1650 | D:3      | Reached XP level 5. HP: 16/42 MP: 5/5
  1712 | D:3      | Noticed Terence
  1724 | D:3      | Killed Terence
  1780 | D:3      | Found a runed door.
  2081 | D:3      | Noticed Crazy Yiuf
  2090 | D:3      | HP: 2/42 [Crazy Yiuf/quarterstaff of chaos (8)]
  2090 | D:3      | Slain by Crazy Yiuf

Vault maps used:
D:1:      dpeg_arrival_short_road
D:2:      fedhas_altar_2, minmay_misc_feat_diagonals, roderic_serpentine_path
D:3:      uniq_purgy, uniq_terence, uniq_crazy_yiuf_cottage

Skill      XL: |  1  2  3  4 |
---------------+-------------+-----
Polearms       | 2 3 |  3.3
Armour         | 3 |  3.5
Shields        | 3 |  3.5
Fighting       | 4 |  4.0
Dodging        | 1 |  1.2

Action                   |  1- 3 |  4- 6 || total
-------------------------+-------+-------++-------
Melee: Trident           |   148 |   106 ||   254
       Kick              |     9 |       ||     9
Throw: Throwing net      |       |     2 ||     2
  Use: Potion            |       |     1 ||     1
  Eat: Chunk             |     2 |     2 ||     4
Armor: Scale mail        |    71 |    53 ||   124
Dodge: Dodged            |    34 |    27 ||    61
Block: Shield            |    81 |    46 ||   127

Table legend:
 A = Spawn XP
 B = Non-spawn XP
 C = Spawn XP percentage of total XP
 D = Spawn monster count
 E = Non-spawn monster count
 F = Spawn count percentage of total count
 G = Total turns spent on level
                    A         B        C        D         E        F      G
               +---------+---------+-------+---------+---------+-------+---------
         Total |       0 |     338 |   0.0 |       0 |      65 |   0.0 |  2090
               +---------+---------+-------+---------+---------+-------+---------
           D:1 |       0 |      42 |   0.0 |       0 |      24 |   0.0 |   547
           D:2 |       0 |      33 |   0.0 |       0 |      13 |   0.0 |   697
           D:3 |       0 |     263 |   0.0 |       0 |      28 |   0.0 |   846
               +---------+---------+-------+---------+---------+-------+---------
